Map: Acropolis LE

Players

Creed - Winner!

  • Race: Terran Terran
  • Spawn Location: 5:00

BluE

  • Race: Protoss Protoss
  • Spawn Location: 11:00

Event: 2019 WCS Summer

VOD

Have the link to the VOD?

Description

Time

  • Played on: July 12, 2019, 10:01 a.m.
  • Length: 16:53

All games in this series

Show
View Real Time Build Order
Export as new Build Order

Creed Terran - Winner!

Build Orders:  

Get SALT Encoding   

  12  0:00  SCV  
  13  0:12  SCV  
  14  0:17  Supply Depot  
  14  0:24  SCV  
  15  0:30  Refinery  
  15  0:38  SCV  
  16  0:44  Barracks  
  16  0:50  SCV  
  17  1:03  SCV  
  18  1:15  SCV  
  19  1:31  Engineering Bay  
  19  1:32  Reaper, Orbital Command  
  20  1:54  Command Center  
  20  1:57  SCV  
  21  2:09  Factory  
  21  2:10  Barracks Reactor  
  21  2:11  SCV  
  22  2:19  Supply Depot  
  22  2:23  SCV  
  22  2:25  Bunker  
  22  2:29  Refinery  
  23  2:41  SCV  
  24  2:47  Marine x2  
  26  2:53  SCV, Factory Tech Lab  
  27  3:05  SCV  
  28  3:07  Starport, Marine x2  
  28  3:09  Orbital Command  
  30  3:17  Cyclone  
  33  3:25  Marine  
  33  3:28  SCV  
  33  3:29  Marine  
  34  3:36  SCV  
  35  3:42  Marine  
  35  3:46  Marine  
  37  3:48  Medivac  
  37  3:50  Cyclone  
  37  3:52  Supply Depot, SCV  
  37  3:54  SCV  
  44  4:00  Marine  
  45  4:04  SCV  
  46  4:14  SCV, Marine  
  48  4:18  Marine  
  48  4:21  SCV  
  50  4:25  Supply Depot  
  50  4:26  Siege Tank  
  53  4:37  Marine  
  54  4:41  Supply Depot  
  54  4:43  Barracks  
  54  4:44  Barracks  
  54  4:46  Marine  
  54  4:47  SCV, Viking  
  54  4:48  Engineering Bay  
  54  4:50  SCV  
  59  4:55  Marine  
  60  5:00  SCV  
  60  5:02  SCV  
  60  5:04  Marine  
  60  5:05  Supply Depot, Siege Tank  
  66  5:13  Marine  
  67  5:22  Marine  
  67  5:24  SCV x2  
  67  5:32  Barracks Tech Lab x2  
  62  5:36  SCV x2  
  62  5:37  Refinery, Siege Tank  
  62  5:42  Starport Reactor  
  62  5:46  Refinery  
  62  5:48  SCV x2, Command Center  
  62  5:49  Marine x2  
  62  5:50  Marine  
  62  5:53  Stimpack  
  64  5:58  Marine  
  65  6:06  SCV x2, Terran Infantry Weapons Level 1  
  65  6:07  Marine x2  
  65  6:08  Marine  
  65  6:11  Supply Depot  
  70  6:16  Combat Shield  
  70  6:18  SCV x2, Marine  
  73  6:25  Supply Depot  
  73  6:26  Marine x2  
  73  6:28  Marine  
  73  6:31  SCV x2  
  81  6:32  Siege Tank  
  81  6:35  Supply Depot  
  81  6:36  Marine  
  81  6:37  Medivac  
  84  6:50  Medivac  
  84  6:51  Marine x3  
  89  7:00  Orbital Command  
  89  7:12  SCV x2  
  91  7:16  Marine x2, Marauder  
  91  7:17  Marauder  
  91  7:18  Supply Depot, Missile Turret  
  91  7:20  Barracks  
  91  7:22  Barracks  
  97  7:28  Orbital Command  
  97  7:30  Medivac x2  
  97  7:37  Concussive Shells, Marine x2  
  100  7:38  SCV x2  
  103  7:45  Ghost Academy  
  103  7:50  SCV x2  
  103  7:51  Marauder x2  
  109  7:57  Liberator x2  
  109  8:02  SCV  
  109  8:03  SCV x2, Factory Reactor  
  109  8:04  Marine x2  
  114  8:06  Supply Depot x2  
  114  8:12  Marauder  
  116  8:18  Barracks Reactor  
  122  8:20  Terran Infantry Armor Level 1  
  122  8:23  Supply Depot  
  122  8:24  Supply Depot  
  122  8:28  SCV x3  
  122  8:30  Ghost  
  122  8:31  Marine  
  122  8:32  Marine  
  129  8:40  Missile Turret  
  129  8:45  Ghost  
  131  8:53  SCV x2  
  131  8:55  Armory  
  133  8:57  Engineering Bay  
  133  8:59  Command Center, Ghost  
  133  9:00  Marine x4  
  138  9:10  SCV  
  138  9:11  SCV x2, Refinery  
  138  9:12  Refinery  
  138  9:14  Medivac  
  138  9:15  Supply Depot  
  138  9:16  Supply Depot, Widow Mine  
  145  9:19  Widow Mine  
  145  9:20  Marine  
  145  9:23  SCV  
  149  9:29  Marine x2  
  149  9:30  Marauder x2  
  155  9:38  Sensor Tower  
  155  9:39  Marine x2  
  155  9:40  Marauder  
  155  9:41  Widow Mine x2  
  163  9:50  Terran Infantry Weapons Level 2  
  163  10:03  Marine x2, Marauder x2  
  163  10:04  Marauder  
  154  10:17  Medivac x2  
  154  10:18  Marine x2  
  154  10:21  Widow Mine x2  
  145  10:25  Marauder x3  
  145  10:27  Marine x2  
  153  10:37  Marine x2  
  153  10:38  Terran Infantry Armor Level 2  
  153  10:41  Planetary Fortress, Barracks x2  
  155  10:44  Marine  
  155  10:46  Marauder x2  
  158  10:51  Medivac  
  158  10:55  Marine x2  
  158  10:56  Marauder  
  161  11:02  SCV x2  
  163  11:05  Missile Turret  
  163  11:07  Personal Cloaking  
  163  11:09  Marine x2  
  165  11:12  Medivac, Refinery  
  165  11:13  Barracks  
  165  11:14  Barracks  
  165  11:15  Starport  
  165  11:33  Viking  
  167  11:40  Marine x3  
  167  11:41  Marauder x3  
  167  11:42  Viking  
  167  11:46  Terran Ship Weapons Level 1  
  178  11:50  Refinery  
  178  12:01  Ghost  
  172  12:17  Marine x5  
  172  12:18  Marauder x2  
  177  12:23  Marine  
  177  12:24  Terran Infantry Weapons Level 3  
  170  12:31  Marauder  
  168  12:38  Ghost  
  168  12:39  Marauder  
  168  12:45  Marine  
  168  12:48  Viking x2  
  166  12:52  Barracks Tech Lab x3, Marauder  
  166  12:58  Sensor Tower  
  168  13:00  Marine x2, Command Center  
  168  13:01  Marauder  
  168  13:04  Terran Infantry Armor Level 3  
  168  13:05  Marine x2  
  172  13:08  Marauder  
  172  13:11  Missile Turret  
  172  13:13  Missile Turret  
  172  13:15  SCV  
  172  13:17  SCV x2  
  172  13:18  Medivac x2, Marine x3  
  172  13:19  Marauder  
  184  13:20  Nuke  
  184  13:22  Ghost Academy  
  184  13:24  Starport, Factory Reactor  
  184  13:28  SCV  
  184  13:29  SCV  
  184  13:30  Fusion Core  
  184  13:32  Marine  
  184  13:33  Marine  
  188  13:38  Marine  
  188  13:39  Supply Depot, Marine  
  188  13:41  Marauder  
  184  13:57  Ghost x2  
  184  13:59  Nuke  
  184  14:01  Medivac x2  
  184  14:02  Viking x2  
  196  14:22  Ghost x2  
  200  14:25  Barracks Tech Lab  
  199  14:49  Missile Turret  
  199  15:13  Marine, Ghost  
  178  15:15  Marine  
  178  15:16  Marauder  
  178  15:17  Marine, Marauder  
  173  15:22  Marine x2  
  173  15:23  Viking, Marauder  
  173  15:25  Viking  
  179  15:41  Starport Tech Lab  
  179  15:42  Fusion Core  
  179  15:47  Marauder, Marine x5, Viking  
  179  15:49  Planetary Fortress  
  188  15:50  Missile Turret  
  186  16:11  Refinery  
  186  16:13  Refinery  
  186  16:16  Marine x3  
  186  16:17  Marauder  
Show
View Real Time Build Order
Export as new Build Order

BluE Protoss 

Build Orders: Blink Stalkers 

Get SALT Encoding   

  12  0:00  Probe  
  13  0:12  Probe  
  14  0:17  Pylon  
  14  0:24  Probe  
  15  0:32  Probe  
  15  0:37  Gateway  
  15  0:40  Probe  
  16  0:46  Assimilator  
  17  0:51  Probe  
  18  1:03  Probe  
  19  1:15  Probe  
  20  1:24  Cybernetics Core  
  20  1:34  Zealot  
  20  1:35  Probe  
  23  1:42  Pylon  
  23  1:52  Adept  
  23  2:00  Probe  
  26  2:12  Probe  
  26  2:13  Warp Gate  
  26  2:14  Nexus  
  26  2:15  Assimilator  
  27  2:17  Stalker  
  27  2:24  Probe  
  30  2:37  Probe  
  31  2:53  Twilight Council  
  31  2:58  Pylon  
  31  3:12  Gateway  
  31  3:15  Probe  
  32  3:22  Probe  
  32  3:23  Blink, Probe  
  33  3:30  Probe  
  33  3:32  Probe  
  31  3:38  Robotics Facility  
  31  3:40  Probe  
  33  3:42  Probe  
  35  3:53  Probe  
  35  3:55  Pylon, Probe  
  37  3:57  Assimilator  
  37  4:02  Stalker  
  37  4:05  Probe  
  37  4:09  Stalker  
  42  4:11  Probe  
  44  4:17  Pylon, Probe  
  44  4:19  Observer  
  44  4:31  Nexus  
  46  4:36  Stalker  
  46  4:37  Stalker  
  47  4:41  Pylon  
  47  4:43  Probe x2  
  47  4:45  Immortal  
  53  4:55  Probe x2  
  55  5:06  Stalker x2  
  59  5:07  Probe  
  56  5:15  Nexus  
  51  5:32  Probe  
  50  5:36  Pylon, Probe  
  51  5:42  Pylon  
  51  5:45  Probe  
  51  5:46  Observer  
  51  5:48  Forge  
  52  5:50  Probe  
  52  5:56  Assimilator, Probe  
  53  5:57  Charge  
  53  6:02  Probe  
  55  6:04  Probe  
  56  6:12  Probe  
  56  6:14  Probe  
  58  6:20  Templar Archives, Probe  
  58  6:23  Probe  
  59  6:26  Observer, Probe  
  59  6:28  Probe  
  59  6:29  Protoss Ground Armor Level 1  
  59  6:31  Probe  
  62  6:36  Gateway  
  62  6:38  Probe x2  
  64  6:40  Gateway  
  64  6:41  Probe  
  66  6:50  Observer, Probe  
  66  6:51  Gateway  
  66  6:52  Probe  
  68  6:54  Probe  
  68  6:56  High Templar  
  68  6:57  Psionic Storm  
  68  6:58  High Templar  
  73  7:02  Probe  
  73  7:04  Probe  
  76  7:08  Probe  
  76  7:15  Gateway, Probe  
  77  7:16  Gateway  
  77  7:23  Probe x2  
  77  7:27  Pylon, Probe  
  77  7:29  Warp Prism  
  82  7:31  High Templar  
  82  7:35  Probe  
  82  7:36  High Templar  
  82  7:37  Zealot x2  
  89  7:40  Probe  
  89  7:42  Probe  
  89  7:44  Assimilator x2  
  93  7:47  Zealot, Probe  
  93  7:48  Pylon  
  96  7:52  Observer, Probe  
  97  7:59  Gateway  
  97  8:00  Zealot x2  
  97  8:03  Pylon  
  101  8:07  Pylon  
  101  8:09  Pylon  
  101  8:12  Observer  
  102  8:13  Observer, Forge  
  102  8:16  Protoss Ground Armor Level 2, Pylon  
  102  8:19  Zealot x2  
  106  8:20  Zealot  
  106  8:21  Observer  
  108  8:27  Zealot  
  108  8:28  Zealot x3  
  108  8:33  Pylon  
  116  8:38  Immortal  
  120  8:45  Protoss Ground Weapons Level 1  
  119  8:52  Zealot x2  
  119  8:53  Zealot x4  
  131  9:07  Probe, Nexus  
  132  9:10  Stalker, High Templar  
  132  9:16  Shield Battery  
  136  9:18  Observer  
  136  9:20  Robotics Bay  
  136  9:23  High Templar  
  136  9:24  Stalker x2  
  141  9:27  Zealot  
  141  9:28  Zealot  
  146  9:38  Probe x2  
  146  9:39  Observer  
  146  9:45  Robotics Facility  
  148  9:46  Probe  
  148  9:48  Pylon  
  148  9:49  Pylon  
  148  9:52  Pylon  
  149  9:57  Stalker  
  149  9:58  Stalker  
  149  9:59  Stalker  
  130  10:09  Probe  
  130  10:10  Probe  
  122  10:18  Probe  
  122  10:20  Probe  
  124  10:25  Probe  
  124  10:26  Probe  
  126  10:30  Probe  
  126  10:32  Robotics Bay  
  126  10:33  Probe  
  128  10:37  Probe  
  128  10:41  Stalker x3  
  128  10:42  High Templar  
  137  10:50  Zealot  
  137  10:51  Protoss Ground Weapons Level 2  
  137  10:53  Zealot x2  
  141  10:58  Probe x2  
  141  10:59  Probe  
  141  11:03  High Templar  
  146  11:06  Probe  
  146  11:10  Zealot, Probe  
  146  11:11  Zealot x2  
  154  11:19  Protoss Ground Armor Level 3, Colossus  
  154  11:21  Probe  
  161  11:26  Colossus  
  163  11:40  Probe  
  163  11:41  Probe  
  163  11:43  Assimilator  
  163  11:44  Assimilator  
  165  11:47  Pylon  
  165  11:48  Stalker x3  
  165  11:52  Stalker  
  173  11:55  Stalker  
  173  11:59  Probe x2  
  177  12:07  Observer  
  177  12:09  Zealot x2  
  177  12:10  Pylon  
  160  12:31  Pylon  
  158  12:38  Colossus  
  158  12:41  Colossus  
  152  12:45  High Templar x2  
  152  12:46  Probe  
  152  12:47  Probe x2  
  163  13:02  Probe  
  164  13:09  Pylon x2  
  162  13:21  Nexus  
  162  13:23  Probe  
  162  13:24  Pylon  
  163  13:32  Observer, Probe  
  165  13:35  Warp Prism  
  163  13:44  Probe x2  
  163  13:47  Pylon  
  165  13:49  Sentry, High Templar x2  
  165  13:50  High Templar x4  
  165  13:51  Observer  
  165  13:53  Warp Prism  
  165  13:54  Archon x3  
  181  13:57  Stalker  
  181  13:58  Probe x2  
  181  14:00  Pylon  
  185  14:10  Dark Shrine  
  185  14:11  Protoss Shields Level 1  
  184  14:27  Stalker x4  
  184  14:28  Stalker  
  194  14:37  Gravitic Drive  
  194  14:54  Observer  
  189  15:02  Observer  
  189  15:05  Probe  
  184  15:07  Nexus  
  184  15:13  Zealot x5  
  160  15:17  High Templar x2  
  160  15:18  Zealot x5  
  104  15:25  Probe  
  104  15:26  Disruptor  
  108  15:28  Probe  
  108  15:30  Disruptor  
  110  15:52  Zealot x5  
  116  16:08  Disruptor  
  116  16:11  Zealot x3  
  128  16:24  Nexus  
  127  16:26  Stalker x3  
  125  16:43  Zealot x5  
Tags
 
Add a new tag
Caveats
  • Supply blocks, unpowered buildings, or Contaminate may cause inaccurate times.
  • Supply counts are checked every 10 seconds.